AoeStats
← Legendario

Nomad

510815863Analyzed
4v4 RM · 1d ago on Oct 2, 2026· 38m 38s· 8 players
Game mode
Random Map
Map size
231×231
Population
200
Speed
Normal
Resources
Standard
Victory
Conquest
Starting age
Dark Age
Ending age
Imperial Age
RankedLock teamsTeams togetherTeam positionsShared explorationLock speedFull tech treeHidden civsTurbo modeCheats
Victory
Defeat
🇪🇸 Huns · Spain
1023
+12
🇺🇸 Magyars · United States
985
+14
🇨🇳 Sicilians · China
959
+15
🇲🇽 Wei · Mexico
956
+15
🇨🇱 Khmer · Chile
973
-16
🇦🇷 Burgundians · Argentina
935
-14
🇨🇱 Vietnamese · Chile
930
-14
🇯🇵 Franks · Japan
894
-12
marcobecerrap
3:54 Loom
15:00 Feudal Age
16:37 Wheelbarrow
15:49 Double-Bit Axe
22:09 Town Watch
23:01 Town Watch
23:09 Gold Mining
23:00 Horse Collar
28:48 Castle Age
27:39 Fletching
27:49 Padded Archer Armor
34:55 Leather Archer Armor
37:11 Bodkin Arrow
38:07 Thumb Ring
Legendario
10:12 Loom
17:26 Feudal Age
21:00 Castle Age
19:06 Fishing Lines
20:06 Double-Bit Axe
24:59 Gillnets
26:01 Town Watch
26:32 Bow Saw
29:43 Marauders
32:17 Imperial Age
30:25 Wheelbarrow
29:52 Gold Mining
31:16 Husbandry
31:27 Bloodlines
31:26 Scale Barding Armor
31:32 Forging
31:24 Horse Collar
32:19 Hand Cart
33:19 Conscription
32:21 Elite Tarkan
33:32 Chain Barding Armor
33:48 Iron Casting
34:05 Heavy Plow
34:48 Gold Shaft Mining
36:01 Plate Barding Armor
36:29 Blast Furnace
又菜又爱玩
14:06 Feudal Age
14:48 Double-Bit Axe
14:49 Horse Collar
17:22 Fishing Lines
21:03 Castle Age
20:50 Scale Barding Armor
21:54 Husbandry
22:04 Bloodlines
22:20 Bow Saw
24:43 Wheelbarrow
24:44 Padded Archer Armor
25:46 Chain Barding Armor
25:59 Gold Mining
27:52 Hand Cart
28:34 Leather Archer Armor
32:30 Fletching
32:15 Light Cavalry
33:08 Heavy Plow
34:12 Corvinian Army
37:11 Imperial Age
38:26 Conscription
37:27 Elite Magyar Huszar
39:05 Plate Barding Armor
38:15 Capped Ram
种田养鱼
12:55 Loom
15:42 Feudal Age
16:37 Double-Bit Axe
17:32 Fishing Lines
19:21 Town Watch
25:42 Castle Age
24:08 Forging
24:10 Scale Mail Armor
25:57 Pikeman
26:33 Arson
26:51 Squires
28:27 Iron Casting
35:28 Chain Mail Armor
ADORNI
6:22 Loom
14:41 Feudal Age
24:23 Castle Age
26:38 Cavalier
malin la estrella xd
2:57 Loom
14:27 Feudal Age
15:06 Double-Bit Axe
15:06 Horse Collar
17:23 Gold Mining
20:24 Castle Age
20:24 Wheelbarrow
27:14 Imperial Age
25:16 Bow Saw
26:58 Stone Mining
28:19 Stone Shaft Mining
32:53 Gold Shaft Mining
34:56 Chemistry
36:11 Ballistics
Maldotroid
3:37 Loom
17:08 Feudal Age
17:48 Town Watch
19:38 Wheelbarrow
18:59 Double-Bit Axe
21:31 Castle Age
20:05 Bloodlines
21:01 Scale Barding Armor
23:22 Hand Cart
23:50 Fishing Lines
24:42 Gillnets
26:28 Chain Barding Armor
29:01 Forging
店長
5:27 Loom
15:33 Feudal Age
20:13 Forging
21:23 Wheelbarrow
23:36 Fletching
28:58 Castle Age
27:11 Scale Barding Armor
27:22 Gold Mining
27:23 Stone Mining
Connection lost

Rejoining the realm…

Still unreachable

The connection could not be restored.

Session expired

The server has moved on; the page needs a fresh start.